 Dungeon Crawl Stone Soup version 0.28-a0-1518-gbe868bca14 (webtiles) character file.

Game seed: 1514249361747941532

976 sizableburger the Skirmisher (level 8, -28/83 HPs)
             Began as an Ogre Arcane Marksman on Jan 16, 2022.
             Was an Initiate of Wu Jian.
             Engulfed by a cloud of flame (35 damage)
             ... on level 5 of the Dungeon on Jan 17, 2022.
             The game lasted 00:15:14 (6362 turns).

sizableburger the Skirmisher (Ogre Arcane Marksman) Turns: 6362, Time: 00:15:16

Health: -28/83     AC:  3    Str: 15    XL:     8   Next: 16%
Magic:  6/9        EV:  9    Int: 22    God:    Wu Jian [......]
Gold:   116        SH:  0    Dex:  9    Spells: 5/9 levels left

rFire   . . .      SeeInvis .   f - +3 mace (drain)
rCold   . . .      Faith    .   (no shield)
rNeg    . . .      Spirit   .   a - +0 robe
rPois   .          Reflect  .   (helmet restricted)
rElec   .          Harm     .   (no cloak)
rCorr   .          Rampage  .   (gloves unavailable)
Will    .....                   (boots unavailable)
Stlth   +.........              (no amulet)
HPRegen 0.23/turn               g - +6 ring of intelligence
MPRegen 0.11/turn               j - ring of flight

@: flying
A: large, unfitting armour, tough skin 1
a: Renounce Religion


You were on level 5 of the Dungeon.
You worshipped Wu Jian.
Wu Jian was noncommittal.
You visited 2 branches of the dungeon, and saw 6 of its levels.

You collected 116 gold pieces.

Inventory:

Hand Weapons
 f - a +3 mace of draining (weapon)
Missiles
 b - 4 large rocks (quivered)
 l - 3 javelins
 p - 2 throwing nets
Armour
 a - a +0 robe (worn)
Jewellery
 g - a +6 ring of intelligence (left hand)
 j - a ring of flight (right hand)
Wands
 c - a wand of iceblast (5)
 d - a wand of flame (15)
Scrolls
 m - a scroll of teleportation
 n - a scroll of fog
 s - 3 scrolls of vulnerability
 t - a scroll of immolation {unknown}
Potions
 e - a potion of lignification
 h - 2 potions of brilliance
 i - a potion of curing
 o - a potion of ambrosia {unknown}
 q - a potion of invisibility {unknown}
 r - a potion of might {unknown}


   Skills:
 + Level 6.1 Fighting
 + Level 3.9 Maces & Flails
 + Level 5.0 Throwing
 - Level 1.7 Dodging
 - Level 0.2 Unarmed Combat
 - Level 1.2 Spellcasting
 - Level 2.6 Hexes
 + Level 3.7 Fire Magic


You had 5 spell levels left.
You knew the following spells:

 Your Spells              Type           Power      Damage    Failure   Level
a - Slow                  Hex            52%        N/A       4%          1
b - Inner Flame           Hex/Fire       15%        N/A       12%         3

Your spell library contained the following spells:

 Spells                   Type           Power      Damage    Failure   Level
 Magic Dart               Conj           4%         1d3       16%         1
 Searing Ray              Conj           2%         2d4       22%         2
 Portal Projectile        Hex/Tloc       14%        N/A       26%         3
 Cause Fear               Hex            6%         N/A       45%         4
 Fulminant Prism          Conj/Hex       3%         3d6       65%         4


Dungeon Overview and Level Annotations

Branches:
Dungeon (5/15)             Temple (1/1) D:5

Altars:
Ashenzari
Cheibriados
Dithmenos
Gozag
Kikubaaqudgha
Nemelex Xobeh
Okawaru
Trog
Uskayaw
Wu Jian
Xom
Zin
The Shining One


Innate Abilities, Weirdness & Mutations

You are too large for most types of armour.
You have tough skin. (AC +1)


Message History

Aim: a scorpion (lightly wounded, inner flame, slow, lightly drained, 60% to hit)
Okay, then.
Throw: 4 large rocks
Press: ? - help, Q - select action, (/) - cycle Shift-Dir - straight line, f/p - scorpion
Aim: a scorpion (lightly wounded, inner flame, slow, lightly drained, 60% to hit)
Okay, then.
That's the wrong kind of item! (Use * to select it.) Evoke which item? (* to show all) (? for menu, Esc to quit)
Okay, then.
Aiming: Throw Flame
Press: ? - help, Shift-Dir - straight line, f/p - scorpion
Aim: a scorpion (lightly wounded, inner flame, slow, lightly drained, 68% to hit)
Okay, then.
Aiming: Iceblast
Press: ? - help, Shift-Dir - straight line, f/p - scorpion
Aim: a scorpion (lightly wounded, inner flame, slow, lightly drained)
Okay, then.
Aiming: Throw Flame
Press: ? - help, Shift-Dir - straight line, f/p - scorpion
Aim: a scorpion (lightly wounded, inner flame, slow, lightly drained, 68% to hit)
The puff of flame hits the scorpion.
Flame seeps out of the scorpion.
The scorpion is heavily wounded.
The scorpion is engulfed in blazing flames.
Flame seeps out of the scorpion.
Aiming: Throw Flame
Press: ? - help, Shift-Dir - straight line, f/p - scorpion
Aim: a scorpion (almost dead, inner flame, slow, lightly drained, 68% to hit)
The puff of flame hits the scorpion but does no damage.
The scorpion is almost dead.
Unknown command.
The scorpion seems less drained.
Found a stone staircase leading down.
The scorpion is no longer moving slowly.
You hit the scorpion. The Council accepts your kill.
The scorpion explodes!
The fiery explosion engulfs you!!
* * * LOW HITPOINT WARNING * * *
You are engulfed in blazing flames.
You die...

.. .> .## .. #.## #..#
####§########## #..@.§.........
..######.(##§...#...##
#.............##.#.....
#...#####.##.......##.# #.#
##....#..##....#. # #.#.
##..##.#.....#.....#
#.#.###.........##.#.#.... ##
#.#...#....#.##......#....
...###.###...#..#....>.##......


There were no monsters in sight!

Vanquished Creatures
  Pikel (D:4)
  An ogre (D:4)
  A phantom (Temple)
  A scorpion (D:5)
  A centaur zombie (D:5)
  An orc priest (D:4)
  A bullfrog skeleton (D:5)
  A centaur skeleton (D:4)
  A hound (D:5)
  Ijyb (D:3)
  An orc wizard (D:4)
  A hound zombie (D:5)
  Robin (D:3)
  4 adders
  An ufetubus (D:5)
  An adder skeleton (D:4)
  4 worms
  4 dart slugs
  4 orcs (D:4)
  6 endoplasms
  3 giant cockroaches
  10 goblins
  11 hobgoblins
  A quokka (D:1)
  12 ball pythons
  6 bats
  6 frilled lizards
  4 kobolds
  4 rats
94 creatures vanquished.

Vanquished Creatures (others)
  4 toadstools (D:1)
4 creatures vanquished.

Grand Total: 98 creatures vanquished

Notes
Turn   | Place    | Note
-------+----------+-------------------------------------------
     0 | D:1      | sizableburger the Ogre Arcane Marksman began the quest for
                  | the Orb.
     0 | D:1      | Reached XP level 1. HP: 19/19 MP: 2/2
   358 | D:1      | Reached XP level 2. HP: 24/28 MP: 3/3
   412 | D:1      | Reached skill level 2 in Fighting
   886 | D:1      | Reached skill level 1 in Maces & Flails
  1009 | D:1      | Reached XP level 3. HP: 28/36 MP: 4/4
  1366 | D:2      | Learned a level 3 spell: Inner Flame
  2165 | D:2      | Reached XP level 4. HP: 44/44 MP: 5/5
  2915 | D:3      | Noticed Robin
  2967 | D:3      | Reached skill level 3 in Fighting
  2975 | D:3      | Killed Robin
  2976 | D:3      | Reached skill level 1 in Fire Magic
  3544 | D:3      | Noticed Ijyb
  3562 | D:3      | Killed Ijyb
  3563 | D:3      | Reached XP level 5. HP: 22/49 MP: 6/6
  3864 | D:3      | Found a faded altar of an unknown god.
  4237 | D:4      | Noticed Pikel
  4237 | D:4      | Noticed a lemure
  4237 | D:4      | Noticed a lemure
  4237 | D:4      | Noticed a lemure
  4237 | D:4      | Noticed a lemure
  4613 | D:4      | Noticed an ogre
  4638 | D:4      | Killed an ogre
  4639 | D:4      | Reached skill level 4 in Fighting
  4639 | D:4      | Reached XP level 6. HP: 59/62 MP: 0/7
  5211 | D:4      | Killed Pikel
  5212 | D:4      | Reached skill level 5 in Fighting
  5212 | D:4      | Reached XP level 7. HP: 37/74 MP: 8/8
  5761 | D:5      | Entered Level 5 of the Dungeon
  5942 | D:5      | Reached XP level 8. HP: 75/83 MP: 5/9
  5976 | D:5      | Found a staircase to the Ecumenical Temple.
  5995 | Temple   | Entered the Ecumenical Temple
  6045 | Temple   | Became a worshipper of the Wu Jian Council
  6087 | D:5      | Reached skill level 6 in Fighting
  6111 | Temple   | Reached skill level 5 in Throwing
  6362 | D:5      | Engulfed by a cloud of flame

Illustrated notes

Levels and vault maps discovered:
D:1:      ldierk_walled_garden_2, layout_basic, st_stairs_3
D:2:      layout_rooms, kennysheep_nondescript
D:3:      layout_loops_corners, shapermc_ecumenical_altar_petra, uniq_robin,
          uniq_ijyb
D:4:      layout_loops_ring, uniq_pikel
D:5:      layout_rooms, lightli_temple_of_fire,
          mainiacjoe_overflow_large_starburst, minmay_temple_entry_ruins
Temple:   eino_temple_water

Skill      XL: |  1  2  3  4  5  6  7  8 |
---------------+-------------------------+-----
Fighting       | 2 3 4 5 6 |  6.1
Maces & Flails | 1 2 3 |  3.9
Fire Magic     | 1 2 3 |  3.7
Throwing       | 3 4 5 |  5.0
Dodging        | |  1.7
Unarmed Combat | |  0.2
Spellcasting   | |  1.2
Hexes          | |  2.6

Action                   |  1- 3 |  4- 6 |  7- 9 || total
-------------------------+-------+-------+-------++-------
Melee: Mace              |   113 |   184 |    50 ||   347
       Unarmed           |     6 |       |       ||     6
Throw: Throwing net      |     2 |     4 |       ||     6
       Large rock        |     1 |     3 |       ||     4
       Javelin           |       |     2 |       ||     2
 Cast: Slow              |     5 |     4 |    12 ||    21
       Inner Flame       |       |     1 |     1 ||     2
Invok: Lunge             |       |       |     1 ||     1
Evoke: Wand              |       |       |     2 ||     2
  Use: Scroll            |     2 |     5 |     1 ||     8
       Potion            |     1 |     8 |     1 ||    10
Armor: Robe              |    51 |    59 |    27 ||   137
       Skin              |       |     4 |       ||     4
Dodge: Dodged            |    66 |    82 |    33 ||   181

Table legend: (Time is in decaauts)
 A = Elapsed time spent in this place.
 B = Non-inter-level travel time spent in this place.
 C = Inter-level travel time spent in this place.
 D = Time resting spent in this place.
 E = Time spent auto-exploring this place.
 F = Levels seen in this place.
 G = Mean time per level.
                   A        B        C        D        E       F      G
               +--------+--------+--------+--------+--------+-----+--------+
         Total |   6469 |   6133 |    336 |   2103 |   2820 |   6 | 1078.2 |
       Dungeon |   6172 |   5836 |    336 |   1895 |   2812 |   5 | 1234.4 |
        Temple |    297 |    297 |      0 |    208 |      8 |   1 |  297.0 |
               +--------+--------+--------+--------+--------+-----+--------+

Top non-repeatable levels by time:
     D:3: 2273 daAuts
     D:4: 1517 daAuts
     D:1: 1327 daAuts
     D:2: 738 daAuts
     D:5: 315 daAuts
  Temple: 297 daAuts
